 Dungeon Crawl Stone Soup version 0.27-a0-1105-g946c659c87 (webtiles) character file.

Game seed: 16726453580018019662

26363 Kuinu the Swashbuckler (level 13, -7/88 HPs)
             Began as a Kobold Brigand on Apr 30, 2021.
             Was a High Priest of Dithmenos.
             Killed from afar by Frances (25 damage)
             ... with a shard of ice
             ... on level 13 of the Dungeon.
             The game lasted 00:51:09 (17078 turns).

Kuinu the Swashbuckler (Kobold Brigand)            Turns: 17078, Time: 00:51:10

Health: -7/88      AC: 15    Str:  9    XL:     13   Next: 57%
Magic:  13/13      EV: 22    Int: 12    God:    Dithmenos [*****.]
Gold:   754        SH:  0    Dex: 21    Spells: 12/12 levels left

rFire    + . .     SeeInvis +   Q - +4 short sword (freeze)
rCold    . . .     Faith    .   (shield restricted)
rNeg     . . .     Spirit   .   R - +3 troll leather armour {Snorg}
rPois    .         Reflect  .   k - +0 helmet
rElec    .         Harm     .   l - +2 cloak
rCorr    .         Rampage  .   E - +1 pair of gloves
Will     .....                  Z - +0 pair of boots
Stlth    ++++++++++             (no amulet)
HPRegen  1.24/turn              F - ring of protection from fire
MPRegen  0.13/turn              m - ring of see invisible

@: hasted, wreathed by umbra, very quick
A: small, no large weapons, nightstalker 3
a: Renounce Religion, Shadow Step, Shadow Form


You were on level 13 of the Dungeon.
You worshipped Dithmenos.
Dithmenos was extremely pleased with you.
You visited 2 branches of the dungeon, and saw 15 of its levels.
You also visited: Sewer.

You collected 754 gold pieces.

Inventory:

Hand Weapons
 a - a +3 vorpal dagger
 e - a +2 dagger of venom
 i - a +0 dagger of speed
 q - a +0 long sword of electrocution
 I - a +2 dagger of flaming
 J - a +1 short sword
 Q - a +4 short sword of freezing (weapon)
 T - a +1 short sword of venom
 X - a +1 dagger of speed
Missiles
 d - 21 poisoned darts
 h - 7 atropa-tipped darts (quivered)
 j - 328 arrows
 t - 81 bolts
 u - 8 datura-tipped darts
 W - 4 curare-tipped darts
Armour
 c - a +0 cloak
 k - a +0 helmet (worn)
 l - a +2 cloak (worn)
 w - the +1 robe of the Scribe {-Tele rPois rF+ Stlth+}
   (You found it on level 4 of the Dungeon)

   It protects you from fire.
   It protects you from poison.
   It prevents most forms of teleportation.
   It makes you more stealthy.
 C - a +1 tower shield of positive energy
 E - a +1 pair of gloves (worn)
 G - a +0 buckler
 H - +0 steam dragon scales
 R - a +3 troll leather armour (worn) {Snorg}
 Z - a +0 pair of boots (worn)
Jewellery
 g - a ring of resist corrosion
 m - a ring of see invisible (right hand)
 F - a ring of protection from fire (left hand)
 P - a ring of magical power
 U - a ring of wizardry
Wands
 s - a wand of acid (5)
 v - a wand of iceblast (17)
 B - a wand of flame (34)
 K - a wand of charming (11)
Scrolls
 b - 2 scrolls of teleportation
 r - 2 scrolls of enchant weapon
 y - 4 scrolls of identify
 A - a scroll of fear
 D - a scroll of enchant armour
 N - 2 scrolls of vulnerability {unknown}
 O - a scroll of brand weapon
 Y - a scroll of acquirement {unknown}
Potions
 f - a potion of resistance {unknown}
 n - 2 potions of degeneration
 z - 3 potions of flight
 L - a potion of curing
 S - 2 potions of brilliance {unknown}
 V - a potion of lignification {unknown}


   Skills:
 * Level 13.1 Fighting
 * Level 15.1 Short Blades
 - Level 2.2 Throwing
 + Level 4.9 Armour
 + Level 10.4 Dodging
 + Level 13.0 Stealth
 + Level 2.9 Shields


You had 12 spell levels left.
You didn't know any spells.
Your spell library contained the following spells:

 Spells                   Type           Power      Damage    Failure   Level
 Animate Skeleton         Necr           0%         N/A       41%         1
 Corona                   Hex            0%         N/A       41%         1
 Freeze                   Ice            0%         1d3       41%         1
 Pain                     Necr           0%         1d4       41%         1
 Sting                    Tmut/Pois      0%         1d3       41%         1
 Blink                    Tloc           N/A        N/A       54%         2
 Poisonous Vapours        Pois/Air       0%         N/A       54%         2
 Slow                     Hex            0%         N/A       54%         2
 Frozen Ramparts          Ice            0%         1d2       78%         3
 Gell's Gravitas          Tloc           0%         N/A       78%         3
 Ignite Poison            Fire/Tmut/Pois 0%         N/A       78%         3
 Inner Flame              Hex/Fire       0%         N/A       78%         3
 Lesser Beckoning         Tloc           0%         N/A       78%         3
 Mephitic Cloud           Conj/Pois/Air  0%         N/A       78%         3
 Ozocubu's Armour         Ice            0%         N/A       78%         3
 Portal Projectile        Hex/Tloc       0%         N/A       78%         3
 Teleport Other           Tloc           0%         N/A       78%         3
 Vampiric Draining        Necr           0%         2d6       78%         3
 Animate Dead             Necr           0%         N/A       99%         4
 Cause Fear               Hex            0%         N/A       99%         4
 Hailstorm                Conj/Ice       0%         3d3       99%         4
 Leda's Liquefaction      Hex/Erth       0%         N/A       99%         4
 Olgreb's Toxic Radiance  Pois           0%         N/A       99%         4
 Agony                    Necr           0%         N/A       100%        5
 Manifold Assault         Tloc           0%         N/A       100%        5
 Metabolic Englaciation   Hex/Ice        0%         N/A       100%        5


Dungeon Overview and Level Annotations

Branches:
Dungeon (14/15)            Temple (1/1) D:4            Lair (0/6) D:9
    Orc (0/2) D:11         Vaults (0/5) D:14          Sewer (visited)

Altars:
Ashenzari
Cheibriados
Dithmenos
Elyvilon
Fedhas
Gozag
Hepliaklqana
Kikubaaqudgha
Makhleb
Nemelex Xobeh
Okawaru
Qazlal
Ru
Sif Muna
Trog
Uskayaw
Vehumet
Wu Jian
Xom
Yredelemnul
Zin
The Shining One
Beogh

Shops:
D:11 :   D:12 =

Portals:
Abyss: D:13
Trove: D:13 (give +3 storm dragon scales)

Annotations:
D:13 1 transporter, Frances; Ynwesix's ghost, journeyman DDFi


Innate Abilities, Weirdness & Mutations

You are small and have problems with some larger weapons.
You are completely attuned to the shadows.


Message History

Frances mutters in a terrible tongue.
The iron shot misses you.
You hit Frances.
Frances is moderately wounded.
Frances completely misses you.
Your +0 long sword of electrocution stops crackling.
Your +4 short sword of freezing glows with a cold blue light!
Q - a +4 short sword of freezing (weapon)
Frances misses you.
You hit Frances but do no damage.
Frances is moderately wounded.
You hit Frances. You freeze Frances.
Frances is moderately wounded.
Frances whispers indecipherable words.
The iron shot hits you!!
You hit Frances. You freeze Frances.
Frances is heavily wounded.
You hit Frances but do no damage.
Frances is heavily wounded.
Your shadow barely misses Frances.
Frances completely misses you.
You puncture Frances! You freeze Frances.
Frances is heavily wounded.
You hit Frances but do no damage.
Frances is heavily wounded.
Frances hits you with a +0 dire flail of protection!!
* * * LOW HITPOINT WARNING * * *
Okay, then.
Blink to where?
Press: ? - help, Dir - move target
As you read the scroll of blinking, it crumbles to dust.
Okay, then.
Throw: 8 darts (atropa)
Press: ? - help, Q - select action, (/) - cycle Shift-Dir - straight line, f - Frances
Aim: Frances, wielding a +0 dire flail of protection and wearing a +0 scale mail (translocational energy, heavily wounded, fast, very poisoned, 72% to hit, chance to blind on hit: 16%)
You throw an atropa-tipped dart. The atropa-tipped dart hits Frances.
Frances resists.
Frances is heavily wounded.
Frances mutters in a terrible tongue.
The shard of ice hits you!!
You die...

#............#.............##.#.
#............###..........##.#.#
#............# #..........♣.##.#
#............# #........<.##)###
########..#### ##...#####..###..
###....## ###.######..©..#
#.......# #.........######
#.......#######.........#
#....>.4##...@'.........#
#......4'@.####.(.......####
#...[...#### #.........'..###
#.......# #.........##....
#.....(.# #.........#####.
#.......# #.........# #.
#.......# #.........# #.
######### ########### ##


You could see Frances (fast, very poisoned).

Vanquished Creatures
  Snorg (D:10)
  A boulder beetle (D:12)
  A hydra (D:14)
  A centaur warrior (D:13)
  An ogre mage (D:14)
  7 two-headed ogres
  A tengu warrior (D:13)
  A thrashing horror (D:13)
  A glowing orange brain (D:13)
  An ugly thing (D:11)
  A deep elf pyromancer (D:13)
  An orc knight (D:13)
  A cyclops (D:12)
  Joseph (D:8)
  A centaur zombie (D:11)
  4 gargoyles
  An unseen horror (D:13)
  2 kobold demonologists
  A tengu conjurer (D:13)
  3 trolls
  A troll (shapeshifter) (D:13)
  10 slime creatures
  A vampire (D:11)
  11 yaks
  A shadow (D:11)
  3 wraiths
  A wyvern (D:9)
  2 basilisks (D:13)
  7 vampire mosquitoes
  3 steam dragons
  Edmund (D:5)
  2 water moccasins
  Duvessa (D:7)
  10 orc warriors
  2 black bears (D:6)
  2 sky beasts (D:6)
  An ogre (D:6)
  A black bear (shapeshifter) (D:13)
  An ice beast (D:5)
  9 centaurs
  A phantom (D:11)
  4 kobold brigands
  A gnoll sergeant (D:11)
  Dowan (D:7)
  3 bullfrogs
  2 troll zombies (D:11)
  A wyvern skeleton (D:7)
  A water moccasin skeleton (D:5)
  6 killer bees (D:8)
  18 wights
  2 howler monkeys
  3 electric eels (D:10)
  2 jellies (D:6)
  3 hounds
  8 orc priests
  A centaur skeleton (D:7)
  Crazy Yiuf (D:4)
  A gnoll shaman (D:7)
  8 orc wizards
  A killer bee zombie (D:6)
  4 ogre zombies (D:11)
  A hound skeleton (D:2)
  10 gnolls
  A howler monkey skeleton (D:6)
  9 adders
  2 river rats
  An adder skeleton (D:5)
  5 worms
  3 dart slugs
  42 orcs
  7 endoplasms
  4 giant cockroaches
  8 goblins
  4 hobgoblins
  9 jackals
  6 quokkas
  4 ball pythons
  4 bats
  3 goblin zombies (D:11)
  A hobgoblin zombie (D:11)
  15 kobolds
  2 orc skeletons (D:11)
  13 orc zombies (D:11)
  12 rats
  A starspawn tentacle (D:13)
341 creatures vanquished.

Vanquished Creatures (others)
  A centaur warrior (D:14)
  3 centaurs (D:14)
  A plant (D:10)
  3 starspawn tentacles (D:13)
8 creatures vanquished.

Grand Total: 349 creatures vanquished

Notes
Turn   | Place    | Note
-------+----------+-------------------------------------------
     0 | D:1      | Kuinu the Kobold Brigand began the quest for the Orb.
     0 | D:1      | Reached XP level 1. HP: 12/12 MP: 1/1
   336 | D:1      | Reached XP level 2. HP: 10/17 MP: 2/2
   649 | D:1      | Found a faded altar of an unknown god.
   740 | D:1      | Reached skill level 3 in Short Blades
  1300 | D:2      | Reached XP level 3. HP: 12/22 MP: 3/3
  1886 | D:2      | Reached XP level 4. HP: 27/27 MP: 4/4
  3064 | D:4      | Found a runed translucent door.
  3067 | D:4      | Noticed Crazy Yiuf
  3138 | D:4      | Reached skill level 4 in Short Blades
  3219 | D:4      | Reached XP level 5. HP: 31/32 MP: 5/5
  3247 | D:4      | Identified the +1 robe of the Scribe {-Tele rPois rF+
                  | Stlth+}
  3277 | D:4      | Found a staircase to the Ecumenical Temple.
  3286 | Temple   | Entered the Ecumenical Temple
  3442 | Temple   | Became a worshipper of Dithmenos the Shadowed
  3599 | D:4      | Found a glowing golden altar of the Shining One.
  3718 | D:4      | Found a snail-covered altar of Cheibriados.
  4122 | D:4      | Killed Crazy Yiuf
  4169 | D:5      | Entered Level 5 of the Dungeon
  4169 | D:5      | Noticed Edmund
  4222 | D:5      | HP: 1/33 [Edmund/+0 dire flail of distortion (6)]
  4228 | D:5      | Killed Edmund
  4229 | D:5      | Reached skill level 5 in Short Blades
  4229 | D:5      | Reached XP level 6. HP: 20/38 MP: 6/6
  4602 | D:5      | Found the +8 Wrath of Trog {antimagic, *Rage}
  4662 | D:5      | Noticed a steam dragon
  4666 | D:5      | Killed a steam dragon
  4667 | D:5      | Reached XP level 7. HP: 44/44 MP: 7/7
  4868 | D:5      | Reached skill level 5 in Fighting
  4868 | D:5      | Reached skill level 6 in Short Blades
  5211 | D:6      | Reached XP level 8. HP: 18/50 MP: 8/8
  5282 | D:6      | Reached skill level 7 in Short Blades
  5342 | D:6      | Reached * piety under Dithmenos
  5515 | D:6      | Found a glowing drain.
  5530 | Sewer    | Entered a sewer
  5661 | Sewer    | Reached skill level 8 in Short Blades
  6128 | D:6      | Reached skill level 5 in Dodging
  6128 | D:6      | Reached XP level 9. HP: 27/56 MP: 9/9
  6342 | D:6      | You fall into a shaft and drop 3 floors!
  6357 | D:7      | Noticed Duvessa
  6359 | D:7      | Noticed Dowan
  6360 | D:7      | Killed Duvessa
  6389 | D:7      | Killed Dowan
  6692 | D:6      | Reached skill level 9 in Short Blades
  6790 | D:7      | Found a shimmering blue altar of Sif Muna.
  6824 | D:7      | Noticed a slime creature
  6825 | D:7      | Noticed a slime creature
  6825 | D:7      | Noticed a slime creature
  6826 | D:7      | Noticed a slime creature
  6826 | D:7      | Noticed a slime creature
  6827 | D:7      | Killed a slime creature
  6828 | D:7      | Killed a slime creature
  6831 | D:7      | Killed a slime creature
  6833 | D:7      | Killed a slime creature
  6834 | D:7      | Killed a slime creature
  6835 | D:7      | Reached skill level 10 in Short Blades
  6840 | D:7      | Reached XP level 10. HP: 65/65 MP: 10/10
  6953 | D:7      | Reached ** piety under Dithmenos
  7853 | D:8      | Noticed Joseph
  7857 | D:8      | Killed Joseph
  7858 | D:8      | Reached skill level 10 in Stealth
  7886 | D:8      | Reached skill level 11 in Short Blades
  8530 | D:8      | Found a glowing silver altar of Zin.
  8530 | D:8      | Noticed an angel
  9780 | D:9      | Reached skill level 10 in Fighting
  9780 | D:9      | Reached skill level 1 in Armour
  9810 | D:9      | Reached XP level 11. HP: 52/72 MP: 11/11
 10047 | D:9      | Reached skill level 12 in Short Blades
 10161 | D:9      | Noticed a two-headed ogre
 10212 | D:9      | Killed a two-headed ogre
 10287 | D:9      | Reached *** piety under Dithmenos
 10936 | D:9      | Noticed a two-headed ogre
 10940 | D:9      | Killed a two-headed ogre
 11240 | D:9      | Found a staircase to the Lair.
 11423 | D:10     | Entered Level 10 of the Dungeon
 11455 | D:10     | Found a large runed translucent door.
 11455 | D:10     | Found a large runed translucent door.
 12456 | D:10     | Noticed Snorg
 12478 | D:10     | HP: 2/74 [Snorg (16)]
 12509 | D:10     | Killed Snorg
 12510 | D:10     | Reached skill level 13 in Short Blades
 12881 | D:10     | Found a hide-covered altar of Uskayaw.
 12891 | D:10     | Found a burning altar of Makhleb.
 12896 | D:10     | Reached XP level 12. HP: 80/80 MP: 12/12
 13339 | D:11     | Noticed a two-headed ogre
 13343 | D:11     | Killed a two-headed ogre
 13619 | D:11     | Reached **** piety under Dithmenos
 13713 | D:11     | Found Cekeskio's Book Shop.
 14026 | D:11     | Found a sparkling altar of Nemelex Xobeh.
 14055 | D:11     | Noticed a two-headed ogre
 14059 | D:11     | Killed a two-headed ogre
 14314 | D:11     | Found a staircase to the Orcish Mines.
 14739 | D:12     | Noticed a two-headed ogre
 14743 | D:12     | Killed a two-headed ogre
 14979 | D:12     | Found the +7 great mace "Undeadhunter" {disrupt, rN+}
 15045 | D:12     | Found Fileusm's Jewellery Boutique.
 15216 | D:12     | Reached skill level 14 in Short Blades
 15310 | D:12     | Reached skill level 1 in Shields
 15468 | D:12     | Noticed a boulder beetle
 15472 | D:12     | Killed a boulder beetle
 15811 | D:13     | Reached XP level 13. HP: 87/87 MP: 13/13
 15885 | D:13     | Reached ***** piety under Dithmenos
 15980 | D:13     | Found a transporter.
 16125 | D:13     | Noticed a centaur warrior
 16131 | D:13     | Killed a centaur warrior
 16132 | D:13     | Reached skill level 10 in Dodging
 16248 | D:13     | Found a transporter.
 16450 | D:13     | Found a portal to a secret trove of treasure.
 16489 | D:13     | Noticed a white very ugly thing
 16537 | D:13     | Found a one-way gate to the infinite horrors of the Abyss.
 16537 | D:13     | Noticed a tentacled starspawn
 16537 | D:13     | Noticed Ynwesix's ghost (journeyman DDFi)
 16868 | D:14     | Killed a centaur warrior
 16879 | D:14     | Found a shadowy altar of Dithmenos.
 16879 | D:14     | Noticed a four-headed hydra
 16885 | D:14     | Killed a four-headed hydra
 16886 | D:14     | Reached skill level 15 in Short Blades
 16944 | D:14     | Found a gate to the Vaults.
 16944 | D:14     | Noticed an ogre mage
 16980 | D:14     | Killed an ogre mage
 17037 | D:14     | Noticed Frances
 17046 | D:14     | Noticed a five-headed hydra
 17078 | D:13     | Killed from afar by Frances

Illustrated notes

Levels and vault maps discovered:
D:1:      saegor_arrival_miasma, layout_loops_ring,
          shapermc_ecumenical_altar_venn, chequers_serial_rivers_small_b
D:2:      layout_basic
D:3:      layout_loops_ring, minmay_misc_feat_tower
D:4:      layout_loops_ring, nicolae_overflow_hidden_temple,
          nicolae_overflow_crystal_walls, minmay_temple_entry_drinking_statues,
          uniq_crazy_yiuf_cottage
D:5:      layout_loops_ring, feat_on_display, uniq_edmund
D:6:      layout_basic, portal_sewer_entry_e, enter_ossuary_1
D:7:      layout_loops_ring, overflow_temple_1_default, uniq_duvessa
D:8:      layout_basic, zin_angel, uniq_joseph
D:9:      layout_stronghold, lair_entry_dummy, kennysheep_generic_room_6
D:10:     layout_cave_pools, jmf_multi_god_temple2, serial_bayou,
          serial_bayou_pond_b, serial_bayou_shore_b, serial_bayou_pond_e,
          serial_bayou_shore_b, uniq_snorg
D:11:     layout_layer_cave, zombieorc1_lemuel, enter_bailey_3, serial_shops,
          shop, chequers_serial_rivers_small_3, nemelex_diamond_rough_becter
D:12:     layout_roguey [special_room_orc], serial_shops, shop, drop_trap
D:13:     layout_roguey, nicolae_trove_entry_columns,
          gammafunk_ghost_abyssal_escape
D:14:     layout_basic, david_vaults_2,
          nicolae_dithmenos_through_a_glass_darkly, serial_shops, shop_statue,
          lemuel_flamethrower_hall, uniq_frances
Temple:   nicolae_temple_elliptical

Skill      XL: |  1  2  3  4  5  6  7  8  9 10 11 12 13 |
---------------+----------------------------------------+-----
Short Blades   | 3 4 5 6 8 10 11 13 14 15 | 15.1
Stealth        | 6 7 8 9 10 11 12 13 | 13.0
Fighting       | 3 4 5 6 8 10 11 12 13 | 13.1
Dodging        | 2 3 4 5 6 7 8 9 10 | 10.4
Armour         | 1 3 4 |  4.9
Shields        | 1 2 |  2.9
Throwing       | |  2.2

Action                   |  1- 3 |  4- 6 |  7- 9 | 10-12 | 13-15 || total
-------------------------+-------+-------+-------+-------+-------++-------
Melee: Dagger            |    69 |    99 |   221 |   347 |    46 ||   782
       Long sword        |       |       |       |    42 |    42 ||    84
       Short sword       |       |       |       |   687 |   128 ||   815
Throw: Dart              |     9 |     1 |     7 |    11 |     6 ||    34
  Use: Scroll            |       |     6 |     9 |     5 |     5 ||    25
       Potion            |       |     2 |     4 |    13 |     5 ||    24
 Stab: Sleeping          |    11 |    23 |    39 |    55 |     9 ||   137
       Invisible         |       |       |     1 |       |       ||     1
       Distracted        |       |       |       |     7 |     2 ||     9
Armor: Robe              |     8 |     2 |    46 |    56 |       ||   112
       Leather armour    |       |     6 |       |       |       ||     6
       Troll leather arm |       |       |       |    49 |    29 ||    78
Dodge: Dodged            |    40 |    37 |   150 |   672 |   194 ||  1093
       Rpst.: Long sword |       |       |       |     6 |     4 ||    10

Table legend: (Time is in decaauts)
 A = Elapsed time spent in this place.
 B = Non-inter-level travel time spent in this place.
 C = Inter-level travel time spent in this place.
 D = Time resting spent in this place.
 E = Time spent auto-exploring this place.
 F = Levels seen in this place.
 G = Mean time per level.
                   A        B        C        D        E       F      G
               +--------+--------+--------+--------+--------+-----+--------+
         Total |  16420 |  15816 |    604 |     70 |  12746 |  16 | 1026.2 |
       Dungeon |  15659 |  15077 |    582 |     70 |  12143 |  14 | 1118.5 |
        Temple |    246 |    224 |     22 |      0 |    218 |   1 |  246.0 |
         Sewer |    514 |    514 |      0 |      0 |    385 |   1 |  514.0 |
               +--------+--------+--------+--------+--------+-----+--------+

Top non-repeatable levels by time:
     D:8: 1788 daAuts
     D:9: 1634 daAuts
    D:11: 1598 daAuts
    D:10: 1452 daAuts
     D:1: 1206 daAuts
    D:13: 1117 daAuts
     D:6: 1075 daAuts
     D:2: 1049 daAuts
     D:7: 1045 daAuts
     D:5: 979 daAuts
     D:4: 904 daAuts
    D:12: 895 daAuts
     D:3: 735 daAuts
   Sewer: 514 daAuts
  Temple: 246 daAuts
